 Dungeon Crawl Stone Soup version 0.27.1-3-gb3d3a73c9e (webtiles) character file.

Game seed: 16558315505858433393

39 nxtlvl the Bolt Thrower (level 3, -2/27 HPs)
             Began as a Formicid Hunter on Oct 14, 2021.
             Slain by a gnoll (6 damage)
             ... on level 2 of the Dungeon.
             The game lasted 00:05:56 (531 turns).

nxtlvl the Bolt Thrower (Formicid Hunter)            Turns: 531, Time: 00:05:57

Health: -2/27      AC:  3    Str: 16    XL:     3   Next: 67%
Magic:  3/3        EV:  7    Int: 10    God:
Gold:   14         SH: 12    Dex: 12    Spells: 2/2 levels left

rFire    . . .     SeeInvis +   a - +1 hand crossbow
rCold    . . .     Faith    .   d - +0 tower shield
rNeg     . . .     Spirit   .   c - +0 leather armour
rPois    .         Reflect  .   (helmet unavailable)
rElec    .         Harm     .   (no cloak)
rCorr    .         Rampage  .   (no gloves)
Will     .....                  (no boots)
Stlth    +.........             (no amulet)
HPRegen  0.09/turn              (no ring)
MPRegen  0.08/turn              (no ring)

@: no status effects
A: permanent stasis, dig shafts and tunnels, antennae 3, four strong arms
a: Dig, Shaft Self


You were on level 2 of the Dungeon.
You visited 1 branch of the dungeon, and saw 2 of its levels.

You collected 14 gold pieces.

Inventory:

Hand Weapons
 a - a +1 hand crossbow (weapon)
 b - a +0 short sword
Missiles
 f - 21 bolts (quivered ammo)
Armour
 c - a +0 leather armour (worn)
 d - a +0 tower shield (worn)
Scrolls
 e - a scroll of identify {unknown}
Potions
 g - a potion of brilliance {unknown}
 h - a potion of lignification {unknown}
 i - a potion of invisibility {unknown}


   Skills:
 - Level 2.1 Fighting
 + Level 4.6 Crossbows
 - Level 1.7 Dodging
 - Level 1.2 Stealth
 * Level 2.4 Shields


You had 2 spell levels left.
You didn't know any spells.
Your spell library contained the following spells:

 Spells                   Type           Power      Damage    Failure   Level
 Corpse Rot               Necr/Air       N/A        N/A       100%        2
 Poisonous Vapours        Pois/Air       0%         N/A       100%        2
 Freezing Cloud           Conj/Ice/Air   0%         6-21      100%        5


Dungeon Overview and Level Annotations

Branches:
Dungeon (2/15)

Altars:


Innate Abilities, Weirdness & Mutations

You cannot be hasted, slowed, berserked, paralysed or teleported.
You can dig through walls and to a lower floor.
You have a pair of large antennae on your head. (SInv)
Your four strong arms can wield two-handed weapons with a shield.


Message History

Aim: a quokka (53% to hit)
You shoot a bolt. The bolt closely misses the quokka.
Fire: 23 bolts
Press: ? - help, Q - select action, (/) - cycle Shift-Dir - straight line, f/p - quokka
Aim: a quokka (54% to hit)
You shoot a bolt. The bolt barely misses the quokka.
The bolt barely misses the gnoll.
The gnoll shouts!
You block the quokka's attack.
b - a +0 short sword (weapon)
You block the quokka's attack.
You hit the quokka.
The quokka is moderately wounded.
You block the quokka's attack. x2
You closely miss the quokka.
The quokka is moderately wounded.
You block the quokka's attack.
You closely miss the quokka.
The quokka is moderately wounded.
You block the quokka's attack. x2
You hit the quokka.
The quokka is heavily wounded.
The quokka bites you. x2
You hit the quokka.
You kill the quokka!
You block the gnoll's attack.
You hit the gnoll.
The gnoll is moderately wounded.
You block the gnoll's attack.
You barely miss the gnoll.
The gnoll is moderately wounded.
The gnoll hits you with a +0 whip. x2
* * * LOW HITPOINT WARNING * * *
a - a +1 hand crossbow (weapon)
Fire: 22 bolts
Press: ? - help, Q - select action, (/) - cycle Shift-Dir - straight line, f - gnoll
Aim: a gnoll, wielding a +0 whip (moderately wounded, 68% to hit)
You shoot a bolt. The bolt barely misses the gnoll.
The gnoll hits you with a +0 whip.
You die...

#.#
#.####
#....#
####.#
#.# #.#
#.# #.#
######.#
#.#
#(g@...#
#.#
#.######
#.# #†#
#.# #.#
#.###†#
#.#.#(#
#.....#
###.#(#
#.#(#


You could see a gnoll.

Vanquished Creatures
  A gnoll (D:2)
  A dart slug (D:1)
  A ball python (D:1)
  5 endoplasms
  A giant cockroach (D:1)
  2 hobgoblins
  2 kobolds (D:1)
  4 quokkas
  2 bats (D:1)
  2 frilled lizards
  4 rats
25 creatures vanquished.

Vanquished Creatures (others)
  6 plants (D:2)
6 creatures vanquished.

Grand Total: 31 creatures vanquished

Notes
Turn   | Place    | Note
-------+----------+-------------------------------------------
     0 | D:1      | nxtlvl the Formicid Hunter began the quest for the Orb.
     0 | D:1      | Reached XP level 1. HP: 16/16 MP: 1/1
    98 | D:1      | Reached XP level 2. HP: 10/22 MP: 2/2
   104 | D:1      | Reached skill level 1 in Shields
   348 | D:1      | Reached XP level 3. HP: 17/27 MP: 3/3
   531 | D:2      | Slain by a gnoll

Illustrated notes

Levels and vault maps discovered:
D:1:      pf_arrival_petrified_forest, layout_loops_cross
D:2:      layout_loops_ring, ebering_ecumenical_altar_rust, serial_forest,
          infiniplex_forest_lined_1, infiniplex_forest_clump_large,
          infiniplex_forest_clump_tiny, infiniplex_forest_lined_2,
          infiniplex_forest_straight_2, infiniplex_forest_straight_4,
          infiniplex_forest_clump_large

Skill      XL: |  1  2  3 |
---------------+----------+-----
Shields        | 1 2 |  2.4
Fighting       | |  2.1
Crossbows      | |  4.6
Dodging        | |  1.7
Stealth        | |  1.2

Action                   || total
-------------------------++-------
Melee: Short sword       ||   106
 Fire: Hand crossbow     ||    14
 Stab: Sleeping          ||     1
Armor: Leather armour    ||    18
Dodge: Dodged            ||    10
Block: Tower shield      ||    54
